 Dungeon Crawl Stone Soup version 0.19.5 (webtiles) character file.

760 Lilleppy the Spear-Bearer (level 7, -2/81 HPs)
             Began as a Merfolk Gladiator on Mar 24, 2017.
             Slain by antares's ghost (7 damage)
             ... on level 5 of the Dungeon.
             The game lasted 00:07:46 (3097 turns).

Lilleppy the Spear-Bearer (Merfolk Gladiator)       Turns: 3097, Time: 00:07:47

Health: -2/81      AC: 23    Str: 16    XL:     7   Next: 80%
Magic:  7/7        EV:  2    Int: 13    God:
Gold:   191        SH:  9    Dex: 15    Spells: 0 memorised, 6 levels left

rFire  x . .     SeeInvis .     a - +0 trident
rCold  + . .     Gourm    .     (armour currently unavailable)
rNeg   + + +     Faith    .     b - +0 shield
rPois  +         Spirit   .     (helmet currently unavailable)
rElec  .         Reflect  .     (cloak currently unavailable)
rCorr  .         Harm     .     (gloves currently unavailable)
MR     +....     NoTele   +     (boots currently unavailable)
Stlth  ++........               C - amulet of rage
                                e - ring of ice
                                y - ring of protection from magic

@: brilliant, tree-form
A: (change form in water), (swift swim), (stealthy swim)
a: Evoke Berserk Rage


You were on level 5 of the Dungeon.
You were not hungry.
You were a tree.
You visited 1 branch of the dungeon, and saw 5 of its levels.

You collected 191 gold pieces.

Inventory:

Hand Weapons
 a - a +0 trident (weapon)
Missiles
 d - 3 throwing nets (quivered)
Armour
 b - a +0 shield (worn)
 c - a +0 helmet (melded)
 g - a +1 plate armour (melded)
Jewellery
 e - a ring of ice (right branch)
 y - a ring of protection from magic (left branch)
 C - an amulet of rage (around neck)
Scrolls
 k - 2 scrolls of teleportation
 m - 3 scrolls of identify
 n - 4 scrolls of amnesia
 r - a scroll of recharging
 u - a scroll of random uselessness
 A - a scroll of immolation
Potions
 h - a potion of agility
 v - a potion of magic
Comestibles
 f - 3 bread rations
 j - 2 royal jellies
 q - 5 meat rations
 w - a slice of pizza


   Skills:
 + Level 4.1 Fighting
 + Level 9.0 Polearms
 + Level 2.0 Throwing
 + Level 2.4 Armour
 + Level 4.5 Dodging
 + Level 0.8 Stealth
 + Level 3.2 Shields


You had 6 spell levels left.
You didn't know any spells.

Dungeon Overview and Level Annotations

Branches:
Dungeon (5/15)
 Temple: D:4-7

Altars:

Annotations:
D:5 antares's ghost, amateur MfGl


Message History

* * * LOW HITPOINT WARNING * * *
It was a potion of brilliance.
You feel clever all of a sudden. You block antares's ghost's attack.
You barely miss antares's ghost.
Antares's ghost is severely damaged.
Antares's ghost hits you but does no damage.
The phantom blinks!
You closely miss antares's ghost.
Antares's ghost is severely damaged.
Antares's ghost hits you.
* * * LOW HITPOINT WARNING * * *
The phantom blinks!
You hit antares's ghost.
Antares's ghost is severely damaged.
You block antares's ghost's attack.
You miss antares's ghost.
Antares's ghost is severely damaged.
Antares's ghost hits you!
You die...

#.............
.............
............
...W......#
..§.....# ......#
#...# #W.# ##♣##
#####..#####
#..........##
##............##
#..............###
##................#
#..............<..#
##................##
#................##


You could see a phantom and antares's ghost.

Vanquished Creatures
  Pikel (D:5)
  A slave (D:5)
  A crimson imp (D:5)
  2 hounds (D:4)
  An orc wizard (D:3)
  A worker ant (D:4)
  Natasha (thrice) (D:4)
  5 adders
  An ooze (D:3)
  An adder skeleton (D:5)
  A worm (D:5)
  2 dart slugs (D:1)
  A leopard gecko (D:4)
  5 orcs (D:3)
  2 ball pythons (D:2)
  2 giant cockroaches
  2 goblins
  4 hobgoblins
  4 jackals
  A quokka (D:3)
  4 bats
  2 frilled lizards
  8 kobolds
  3 rats
58 creatures vanquished.

Notes
Turn   | Place    | Note
-------+----------+-------------------------------------------
     0 | D:1      | Lilleppy the Merfolk Gladiator began the quest for the Orb.
     0 | D:1      | Reached XP level 1. HP: 16/16 MP: 1/1
   199 | D:1      | Reached XP level 2. HP: 23/23 MP: 2/2
   498 | D:1      | Reached skill level 5 in Polearms
   864 | D:2      | Reached XP level 3. HP: 22/28 MP: 3/3
  1357 | D:3      | Reached XP level 4. HP: 30/34 MP: 4/4
  1481 | D:3      | Reached skill level 6 in Polearms
  1593 | D:3      | Reached skill level 1 in Shields
  1623 | D:3      | Reached XP level 5. HP: 32/40 MP: 5/5
  2208 | D:4      | Noticed Natasha
  2214 | D:4      | Killed Natasha
  2214 | D:4      | Reached skill level 1 in Armour
  2302 | D:4      | Reached skill level 7 in Polearms
  2346 | D:4      | Noticed Natasha
  2360 | D:4      | Killed Natasha
  2360 | D:4      | Reached XP level 6. HP: 46/47 MP: 6/6
  2803 | D:4      | Noticed Natasha
  2818 | D:4      | Killed Natasha
  2878 | D:5      | Entered Level 5 of the Dungeon
  2929 | D:5      | Noticed a slave
  2930 | D:5      | Noticed a slave
  2931 | D:5      | Noticed a slave
  2931 | D:5      | Noticed Pikel
  2931 | D:5      | Noticed a slave
  2964 | D:5      | Killed a slave
  2969 | D:5      | Killed Pikel
  2969 | D:5      | Reached skill level 8 in Polearms
  2969 | D:5      | Reached XP level 7. HP: 33/54 MP: 7/7
  2975 | D:5      | Reached skill level 9 in Polearms
  3059 | D:5      | Noticed antares's ghost (amateur MfGl)
  3097 | D:5      | Slain by antares's ghost

Skill      XL: |  1  2  3  4  5  6  7 |
---------------+----------------------+-----
Polearms       | 5 6 7 8 9 |  9.0
Shields        | 1 2 3 |  3.2
Fighting       | 3 4 |  4.1
Armour         | 1 2 |  2.4
Throwing       | |  2.0
Dodging        | |  4.5
Stealth        | |  0.8

Action                   |  1- 3 |  4- 6 |  7- 9 || total
-------------------------+-------+-------+-------++-------
Melee: Trident           |   133 |   184 |    32 ||   349
  Use: Scroll            |       |     9 |       ||     9
       Potion            |       |     2 |     6 ||     8
  Eat: Bread ration      |       |     2 |       ||     2
Armor: Plate armour      |    81 |   111 |    17 ||   209
       Skin              |       |       |     1 ||     1
Dodge: Dodged            |    20 |    26 |     4 ||    50
Block: Shield            |    48 |    86 |    12 ||   146
